 Dungeon Crawl Stone Soup version 0.27.1-2-g3b301248ec (webtiles) character file.

Game seed: 9977152652867228013

63 Descartes the Sneak (level 3, -10/18 HPs)
             Began as a Spriggan Warper on Oct 2, 2021.
             Splashed by Ijyb's acid (14 damage)
             ... on level 3 of the Dungeon.
             The game lasted 00:03:51 (1962 turns).

Descartes the Sneak (Spriggan Warper)               Turns: 1962, Time: 00:03:55

Health: -10/18     AC:  2    Str: 14    XL:     3   Next: 89%
Magic:  8/8        EV: 17    Int: 14    God:
Gold:   98         SH:  0    Dex: 14    Spells: 7/7 levels left

rFire    . . .     SeeInvis +   a - +0 short sword
rCold    . . .     Faith    .   (shield restricted)
rNeg     . . .     Spirit   .   b - +0 robe
rPois    .         Reflect  .   (helmet restricted)
rElec    .         Harm     .   (no cloak)
rCorr    .         Rampage  .   (gloves unavailable)
Will     .....                  (boots unavailable)
Stlth    +++.......             i - amulet of regeneration
HPRegen  1.06/turn              n - +6 ring of strength
MPRegen  0.11/turn              (no ring)

@: very quick
A: very small, no large weapons, unfitting armour, see invisible, speed 3
a: no special abilities


You were on level 3 of the Dungeon.
You visited 1 branch of the dungeon, and saw 3 of its levels.

You collected 98 gold pieces.

Inventory:

Hand Weapons
 a - a +0 short sword (weapon)
Missiles
 d - 5 boomerangs of dispersal (quivered)
 j - 62 stones
 k - 15 sling bullets
 p - 41 bolts
 q - 7 poisoned darts
Armour
 b - a +0 robe (worn)
Jewellery
 i - an amulet of regeneration (around neck)
 n - a +6 ring of strength (left hand)
Scrolls
 c - a scroll of blinking
 e - a scroll of enchant armour {unknown}
 g - a scroll of identify {unknown}
 h - a scroll of teleportation {unknown}
 l - 2 scrolls of immolation {unknown}
 m - a scroll of torment {unknown}
 o - a scroll of enchant weapon {unknown}
Potions
 f - a potion of invisibility {unknown}
 r - a potion of mutation {unknown}


   Skills:
 - Level 1.5 Fighting
 - Level 2.1 Short Blades
 - Level 1.0 Throwing
 - Level 3.2 Dodging
 + Level 5.8 Stealth
 - Level 2.6 Spellcasting
 - Level 4.4 Translocations


You had 7 spell levels left.
You didn't know any spells.
Your spell library contained the following spells:

 Spells                   Type           Power      Damage    Failure   Level
 Blink                    Tloc           N/A        N/A       5%          2
 Gell's Gravitas          Tloc           7%         N/A       11%         3
 Lesser Beckoning         Tloc           7%         N/A       11%         3
 Teleport Other           Tloc           14%        N/A       11%         3
 Manifold Assault         Tloc           14%        N/A       71%         5


Dungeon Overview and Level Annotations

Branches:
Dungeon (3/15)

Altars:
The Shining One

Annotations:
D:3 Ijyb


Innate Abilities, Weirdness & Mutations

You are very small and have problems with some larger weapons.
You are too small for most types of armour.
You have supernaturally acute eyesight. (SInv)
You cover ground extremely quickly. (Speed+++)


Message History

You hit the jackal but do no damage. The jackal misses you.
You completely miss the jackal. You hit the jackal.
The jackal is moderately wounded.
The jackal bites you.
You barely miss the jackal.
The jackal is moderately wounded.
The jackal bites you but does no damage.
The jackal misses you. The jackal closely misses you.
You hit the jackal but do no damage.
The jackal is moderately wounded.
The jackal closely misses you. x3
You hit the jackal.
The jackal is almost dead.
The jackal barely misses you. x2
A jackal comes into view.
The jackal barks!
You hit the jackal.
You kill the jackal!
The jackal closely misses you.
You hit the jackal.
The jackal is heavily wounded.
The jackal closely misses you.
Ijyb the Twisted Goblin comes into view.
She is wielding a +0 club and carrying a wand of acid (6).
The jackal misses you.
You barely miss the jackal.
The jackal is heavily wounded.
The jackal misses you.
You hit the jackal.
The jackal is almost dead.
The jackal bites you. The jackal closely misses you. The jackal bites you.
The jackal barely misses you.
You barely miss the jackal.
The jackal is almost dead.
Ijyb zaps a wand.
The bolt of acid hits you!
Ouch! That really hurt!
* * * LOW HITPOINT WARNING * * *
You are splashed with acid!
Ouch! That really hurt!
You die...

#.#.# #.<.
#..######.#.## #.##
.............# #.#
#########....######.##
.......####...........
..###.....###..)........
..$g.......>..######.##
##.....####.# #...#
##h@.## .# #.### #.#h#.#
.# #.# #...r.... .# #.#
....#.#.### ..###.#
.####...## #..##.## .
#.# ..##..# # #.#
#.###.# # #.# #.# #.# #
#.# #.# #


You could see Ijyb, a quokka and 2 jackals.

Vanquished Creatures
  An adder (D:2)
  A worm (D:2)
  8 bats
  5 endoplasms
  A giant cockroach (D:2)
  6 goblins
  3 hobgoblins (D:2)
  A jackal (D:3)
  3 kobolds
  2 quokkas
  4 ball pythons
  3 frilled lizards (D:1)
  11 rats
49 creatures vanquished.

Notes
Turn   | Place    | Note
-------+----------+-------------------------------------------
     0 | D:1      | Descartes the Spriggan Warper began the quest for the Orb.
     0 | D:1      | Reached XP level 1. HP: 10/10 MP: 5/5
   112 | D:1      | Reached skill level 1 in Stealth
   295 | D:1      | Reached skill level 2 in Stealth
   391 | D:1      | Reached XP level 2. HP: 14/14 MP: 6/6
   501 | D:1      | Reached skill level 3 in Stealth
   647 | D:1      | You fall into a shaft and drop 1 floor!
   689 | D:2      | Reached skill level 4 in Stealth
   926 | D:2      | Reached XP level 3. HP: 18/18 MP: 8/8
  1083 | D:2      | Reached skill level 5 in Stealth
  1856 | D:3      | Found a glowing golden altar of the Shining One.
  1959 | D:3      | Noticed Ijyb
  1962 | D:3      | Splashed by Ijyb's acid

Illustrated notes

Levels and vault maps discovered:
D:1:      heliophobic_arrival_enchanted_forest, layout_loops_cross,
          amcnicky_mini_corridor_feature, minivault_19, minmay_misc_feat_room
D:2:      layout_basic, minmay_quadrilaterals
D:3:      layout_loops_ring, tso_altar, kennysheep_crisscross, uniq_ijyb

Skill      XL: |  1  2  3 |
---------------+----------+-----
Stealth        | 2 4 5 |  5.8
Fighting       | |  1.5
Short Blades   | |  2.1
Throwing       | |  1.0
Dodging        | |  3.2
Spellcasting   | |  2.6
Translocations | |  4.4

Action                   || total
-------------------------++-------
Melee: Short sword       ||   170
 Stab: Sleeping          ||    18
Armor: Robe              ||    20
Dodge: Dodged            ||   144
